AoeStats
← Privilege

African Clearing

506844005Analyzed
4v4 RM · 16d ago on Sep 15, 2026· 46m 49s· 8 players
Game mode
Random Map
Map size
Large (8 player)
Population
200
Speed
Normal
Resources
Standard
Victory
Conquest
Starting age
Dark Age
Ending age
Imperial Age
RankedLock teamsTeams togetherTeam positionsShared explorationLock speedFull tech treeHidden civsTurbo modeCheats
Victory
Defeat
🇨🇳 Saracens · China
1673
+8
🇨🇳 Wu · China
1571
+12
🇮🇳 Tupi · India
1357
+20
🇫🇷 Huns · France
1525
-16
🇨🇳 Magyars · China
1476
-14
🇨🇳 Vietnamese · China
1473
-14
🇨🇳 Franks · China
1431
-12
虎!虎!虎!
11:43 Feudal Age
12:16 Loom
19:32 Wheelbarrow
19:05 Fletching
22:52 Castle Age
20:42 Town Watch
20:58 Double-Bit Axe
22:40 Scale Barding Armor
23:07 Light Cavalry
31:51 Horse Collar
34:32 Hand Cart
34:34 Bow Saw
36:56 Husbandry
37:06 Bloodlines
38:21 Gold Mining
41:34 Imperial Age
39:14 Town Watch
41:17 Thumb Ring
41:49 Bodkin Arrow
41:54 Padded Archer Armor
43:34 Chemistry
42:57 Ballistics
43:38 Chemistry
43:12 Bracer
43:36 Stone Mining
44:17 Parthian Tactics
44:40 Leather Archer Armor
44:50 Conscription
46:19 Two-Man Saw
46:17 Recurve Bow
45:39 Elite Magyar Huszar
46:59 Ring Archer Armor
江哥
12:36 Loom
15:01 Feudal Age
16:37 Double-Bit Axe
20:23 Castle Age
18:41 Gold Mining
19:16 Horse Collar
19:30 Fletching
19:56 Padded Archer Armor
21:29 Bow Saw
22:11 Town Watch
26:27 Wheelbarrow
26:50 Bodkin Arrow
29:01 Leather Archer Armor
31:16 Stone Mining
34:30 Elite Skirmisher
37:19 Ballistics
38:49 Bloodlines
38:39 Husbandry
43:36 Imperial Age
42:14 Pikeman
43:03 Scale Barding Armor
43:00 Scale Mail Armor
43:11 Forging
B.
12:42 Feudal Age
14:26 Loom
16:47 Castle Age
15:08 Double-Bit Axe
15:09 Horse Collar
15:23 Loom
18:31 Fletching
19:44 Bodkin Arrow
21:08 Bow Saw
22:42 Padded Archer Armor
24:21 Elite Skirmisher
25:31 Leather Archer Armor
35:47 Imperial Age
34:06 Ballistics
36:31 Thumb Ring
37:30 Chemistry
35:50 Crossbowman
36:34 Bracer
37:49 Parthian Tactics
40:13 Two-Man Saw
39:13 Heavy Plow
39:04 Gold Mining
39:02 Heavy Cavalry Archer
40:55 Conscription
40:24 Imperial Skirmisher
297539664
5:46 Loom
13:10 Feudal Age
17:41 Castle Age
SaKuRuaba Ema
11:53 Loom
13:41 Feudal Age
12:49 Loom
14:37 Town Watch
17:39 Castle Age
16:39 Double-Bit Axe
19:17 Loom
19:44 Fletching
31:01 Horse Collar
35:05 Fervor
36:58 Fishing Lines
37:18 Town Watch
38:22 Gillnets
39:11 Wheelbarrow
40:28 Heavy Plow
40:38 Bow Saw
41:16 Hand Cart
45:44 Imperial Age
43:46 Ballistics
43:28 Padded Archer Armor
43:54 Gold Mining
43:56 Stone Mining
44:39 Bodkin Arrow
45:01 Leather Archer Armor
45:28 Red Cliffs Tactics
45:09 Treadmill Crane
46:58 Gold Shaft Mining
47:05 Stone Shaft Mining
46:53 Conscription
45:54 Elite Fire Archer
47:06 Bracer
48:07 Chemistry
Privilege
10:11 Loom
13:09 Feudal Age
14:20 Double-Bit Axe
17:00 Castle Age
17:34 Fletching
23:20 Bodkin Arrow
31:10 Scale Barding Armor
33:49 Bloodlines
33:40 Husbandry
34:42 Chain Barding Armor
45:15 Town Watch
Lyrachord
4:01 Loom
11:04 Loom
13:27 Feudal Age
14:33 Town Watch
18:51 Castle Age
17:29 Fletching
18:51 Double-Bit Axe
20:47 Bodkin Arrow
27:38 Padded Archer Armor
32:57 Wheelbarrow
32:23 Town Patrol
35:19 Horse Collar
37:36 Hand Cart
40:43 Imperial Age
39:18 Town Patrol
39:35 Leather Archer Armor
39:30 Treadmill Crane
40:39 Scale Mail Armor
41:34 Forging
41:21 Elite Blackwood Archer
42:23 Conscription
42:05 Bracer
42:33 Champi Runner
43:14 Squires
43:30 Chain Mail Armor
43:37 Champi Warrior
44:02 Arson
44:50 Ballistics
45:30 Chemistry
44:28 Elite Champi Warrior
45:39 Plate Mail Armor
45:45 Iron Casting
正在以雷霆之姿草飞啊这的老冯
6:03 Loom
14:33 Feudal Age
19:00 Castle Age
17:15 Double-Bit Axe
17:46 Fishing Lines
20:01 Bow Saw
24:18 Horse Collar
25:15 Scale Mail Armor
25:25 Forging
26:00 Squires
28:13 Wheelbarrow
29:16 Chain Mail Armor
29:54 Hand Cart
29:55 Town Watch
32:33 Heavy Plow
37:53 Imperial Age
37:23 Iron Casting
38:23 Fletching
38:33 Padded Archer Armor
38:53 Scale Barding Armor
38:54 Chatras
39:15 Paper Money
39:07 Elite Battle Elephant
39:57 Bloodlines
39:07 Elite Battle Elephant
39:51 Husbandry
40:29 Bloodlines
41:57 Chain Barding Armor
43:15 Plate Barding Armor
45:17 Bodkin Arrow
47:32 Chemistry
47:04 Coinage
47:10 Bracer
Connection lost

Rejoining the realm…

Still unreachable

The connection could not be restored.

Session expired

The server has moved on; the page needs a fresh start.